Map: Ruins of Endion

Players

Welmu - Winner!

  • Race: Protoss Protoss
  • League: Grandmaster

Miszu

  • Race: Terran Terran
  • League: Grandmaster

VOD

Have the link to the VOD?

Description

Time

  • Played on: May 11, 2016, 4:30 p.m.
  • Length: 9:38
Show
View Real Time Build Order
Export as new Build Order

Welmu Protoss - Winner!

Build Orders: 1 Gate Expand 

Get SALT Encoding   

  12  0:01  Probe (Chrono Boost)  
  13  0:11  Probe (Chrono Boost)  
  14  0:18  Pylon  
  14  0:22  Probe (Chrono Boost)  
  15  0:36  Probe (Chrono Boost)  
  15  0:37  Gateway  
  16  0:43  Assimilator  
  16  0:46  Probe (Chrono Boost)  
  18  0:57  Probe (Chrono Boost)  
  18  1:07  Probe (Chrono Boost)  
  19  1:19  Nexus  
  19  1:28  Cybernetics Core  
  19  1:31  Probe (Chrono Boost)  
  20  1:36  Assimilator  
  20  1:41  Probe (Chrono Boost)  
  20  1:46  Pylon  
  21  1:52  Probe (Chrono Boost)  
  22  2:02  Probe (Chrono Boost)  
  22  2:04  Adept (Chrono Boost)  
  22  2:05  Warp Gate  
  25  2:14  Mothership Core (Chrono Boost)  
  27  2:33  Robotics Facility  
  27  2:34  Probe (Chrono Boost)  
  27  2:35  Probe (Chrono Boost)  
  29  2:45  Probe x2 (Chrono Boost)  
  29  2:50  Twilight Council  
  31  2:55  Probe (Chrono Boost)  
  31  2:56  Probe (Chrono Boost)  
  33  3:06  Probe x2 (Chrono Boost)  
  35  3:16  Probe (Chrono Boost)  
  35  3:17  Probe (Chrono Boost)  
  37  3:20  Observer  
  37  3:25  Probe (Chrono Boost)  
  37  3:26  Resonating Glaives (Chrono Boost)  
  39  3:27  Probe  
  39  3:33  Pylon  
  42  3:41  Warp Prism  
  42  3:52  Gateway x2  
  42  3:53  Gateway  
  42  3:57  Gateway  
  42  3:59  Gateway  
  42  4:02  Gateway  
  42  4:05  Gateway  
  42  4:08  Probe  
  42  4:09  Probe  
  43  4:15  Adept  
  46  4:17  Pylon  
  46  4:19  Probe  
  46  4:21  Probe  
  48  4:26  Pylon  
  48  4:39  Pylon  
  48  4:46  Adept x2  
  48  4:51  Pylon  
  52  5:04  Adept x8  
  63  5:26  Adept x3  
  63  5:27  Adept x4  
  67  5:35  Adept  
  61  5:49  Assimilator  
  59  5:50  Adept x4  
  59  5:52  Assimilator  
  59  5:54  Blink  
  51  6:09  Forge  
  51  6:13  Adept x4  
  47  6:44  Probe x2  
  49  6:47  Protoss Ground Weapons Level 1 (Chrono Boost)  
  49  6:52  Adept x8  
  61  6:56  Probe  
  62  7:06  Pylon x2  
  62  7:14  Adept  
  64  7:17  Adept x5  
  70  7:24  Adept  
  70  7:25  Adept  
  63  7:35  Adept  
  63  7:36  Probe  
  65  7:38  Probe  
  60  7:46  Sentry  
  60  7:47  Sentry  
  60  7:48  Probe  
  60  7:51  Probe  
  56  8:00  Probe (Chrono Boost)  
  56  8:03  Sentry x2, Probe (Chrono Boost)  
  47  8:13  Probe (Chrono Boost)  
  47  8:15  Probe (Chrono Boost)  
  47  8:17  Adept  
  47  8:18  Adept  
  53  8:20  Sentry  
  53  8:23  Probe (Chrono Boost)  
  53  8:25  Probe (Chrono Boost)  
  57  8:32  Adept x2  
  57  8:41  Dark Shrine  
  57  8:46  Stalker  
  59  8:49  Adept  
  59  8:51  Adept  
  57  8:58  Stalker  
  57  8:59  Adept  
  61  9:14  Adept x2  
  61  9:15  Adept x2  
  65  9:26  Adept x3  
  71  9:32  Stalker  
Show
View Real Time Build Order
Export as new Build Order

Miszu Terran 

Build Orders:  

Get SALT Encoding   

  12  0:00  SCV  
  13  0:13  SCV  
  14  0:17  Supply Depot  
  14  0:25  SCV  
  15  0:39  SCV  
  15  0:42  Barracks  
  16  0:51  SCV  
  17  1:03  SCV  
  18  1:14  Command Center  
  18  1:17  SCV  
  19  1:30  Marine, Orbital Command  
  20  1:46  Barracks  
  20  1:48  Marine  
  21  1:54  Barracks  
  21  1:57  SCV  
  22  2:05  Supply Depot  
  22  2:09  SCV  
  23  2:24  Refinery  
  23  2:25  Marine  
  23  2:26  Refinery, SCV  
  25  2:31  Orbital Command  
  25  2:34  Marine  
  26  2:41  Marine  
  26  2:43  Marine  
  28  2:47  SCV  
  29  2:54  Barracks Tech Lab  
  29  2:57  SCV  
  30  2:59  Marine, SCV  
  30  3:01  Marine  
  33  3:07  Supply Depot  
  33  3:09  SCV  
  33  3:11  SCV  
  35  3:16  Marine  
  35  3:17  Marine  
  35  3:18  Stimpack  
  35  3:19  Marine  
  38  3:21  SCV  
  38  3:23  SCV  
  40  3:33  Marine, SCV  
  42  3:34  Marine  
  42  3:37  Marine  
  42  3:38  Factory  
  42  3:40  Supply Depot  
  44  3:46  SCV  
  45  3:48  Refinery  
  45  3:49  SCV  
  45  3:52  Marauder  
  45  3:53  Marine  
  45  3:55  Marine  
  50  3:58  SCV  
  50  4:01  SCV  
  52  4:02  Supply Depot  
  52  4:10  SCV  
  52  4:11  Marine  
  52  4:13  Marine, Marauder, SCV  
  58  4:20  Supply Depot  
  58  4:22  Starport, SCV  
  58  4:23  Factory Reactor  
  59  4:25  SCV  
  59  4:29  Engineering Bay  
  59  4:31  Barracks Reactor  
  60  4:34  SCV  
  60  4:37  Barracks Tech Lab  
  61  4:40  Marauder  
  61  4:41  SCV  
  61  4:43  Supply Depot  
  64  4:47  SCV  
  65  4:53  SCV  
  65  4:54  Terran Infantry Weapons Level 1  
  65  4:59  SCV  
  67  5:06  Medivac x2  
  71  5:08  Factory Reactor  
  71  5:10  Marine x2  
  64  5:21  Marine  
  64  5:22  Marauder  
  64  5:28  Marine x2  
  59  5:40  Marauder  
  53  5:43  Marauder  
  53  5:46  Marine x2  
  47  6:01  Marine  
  47  6:04  Marine x2, Marauder  
  46  6:06  SCV x2  
  51  6:18  SCV  
  51  6:19  Marauder, SCV  
  50  6:31  Marauder  
  49  6:38  SCV x2  
  48  6:44  Marine  
  48  6:45  Marine  
  52  6:50  SCV x2  
  52  6:52  Marine  
  52  7:02  Marine x2, SCV  
  52  7:03  Marine, SCV  
  57  7:14  SCV  
  57  7:15  SCV  
  58  7:19  Marauder  
  58  7:20  Marine x3  
  62  7:27  SCV  
  57  7:38  Marine x2, Marauder  
  57  7:39  SCV  
  57  7:41  Marauder  
  61  7:55  Medivac x2  
  61  7:56  Marine  
  63  8:03  Marine  
  63  8:04  Marauder x2  
  62  8:17  Marine  
  63  8:21  Concussive Shells  
  63  8:22  Marine  
  63  8:25  Marauder  
  65  8:29  Marauder  
  63  8:34  Marine  
  63  8:40  Marine  
  65  8:46  Marauder  
  67  8:51  Marauder  
  67  8:52  Marine  
  62  8:58  Marine  
  62  9:08  Marauder  
  64  9:10  Marine  
  64  9:11  Marine  
  64  9:16  Marine  
Tags
 
Add a new tag
Caveats
  • Supply blocks, unpowered buildings, or Contaminate may cause inaccurate times.
  • Supply counts are checked every 10 seconds.